 Dungeon Crawl Stone Soup version 0.29-a0-830-gcb1280458a (webtiles) character file.

Game seed: 1982794195350275536

268 lesbiats the Grasshopper (level 6, -1/51 HPs)
             Began as a Gnoll Warper on July 11, 2022.
             Was a Believer of Lugonu.
             Slain by a gnoll
             ... wielding a +0 spear
              (2 damage)
             ... on level 3 of the Dungeon.
             The game lasted 00:13:01 (2836 turns).

lesbiats the Grasshopper (Gnoll Warper)             Turns: 2836, Time: 00:13:01

Health: -1/51      AC:  5    Str: 12    XL:     6   Next: 21%
Magic:  7/14       EV: 14    Int: 12    God:    Lugonu [**....]
Gold:   162        SH:  0    Dex: 18    Spells: 4/15 levels left

rFire   . . .      SeeInvis .   a - +0 hand axe
rCold   . . .      Faith    .   (no shield)
rNeg    . . .      Spirit   .   v - +0 leather armour
rPois   .          Reflect  .   (no helmet)
rElec   .          Harm     .   (no cloak)
rCorr   .          Rampage  .   k - +0 pair of gloves
Will    .....                   q - +0 pair of boots
Stlth   ++........              (no amulet)
HPRegen 0.17/turn               s - +6 ring of dexterity
MPRegen 0.14/turn               (no ring)

@: no status effects
A: fangs 1, strong nose, distributed training
a: Renounce Religion, Depart the Abyss, Bend Space


You were on level 3 of the Dungeon.
You worshipped Lugonu.
Lugonu was pleased with you.
You visited 1 branch of the dungeon, and saw 3 of its levels.

You collected 162 gold pieces.

Inventory:

Hand Weapons
 a - a +0 hand axe (weapon)
 b - a +0 sling
Missiles
 d - 7 boomerangs of dispersal (quivered)
Armour
 f - a +0 chain mail
 k - a +0 pair of gloves (worn)
 q - a +0 pair of boots (worn)
 v - a +0 leather armour (worn)
Jewellery
 s - a +6 ring of dexterity (left hand)
Scrolls
 c - a scroll of blinking
 e - 2 scrolls of identify {unknown}
 h - 2 scrolls of fear {unknown}
 l - 2 scrolls of torment {unknown}
 u - a scroll of teleportation {unknown}
 w - a scroll of vulnerability {unknown}
Potions
 g - 2 potions of haste {unknown}
 i - a potion of invisibility {unknown}
 j - a potion of berserk rage {unknown}
 m - a potion of heal wounds {unknown}
 n - a potion of brilliance {unknown}
 o - a potion of attraction {unknown}
 p - a potion of magic {unknown}
 r - a potion of ambrosia {unknown}
 t - a potion of curing {unknown}


   Skills:
 + Level 5.0 Fighting
 + Level 1.9 Short Blades
 + Level 1.9 Long Blades
 + Level 5.0 Axes
 + Level 1.9 Maces & Flails
 + Level 1.9 Polearms
 + Level 1.9 Staves
 + Level 1.9 Ranged Weapons
 + Level 3.2 Throwing
 + Level 3.2 Armour
 + Level 5.0 Dodging
 + Level 1.9 Stealth
 + Level 1.9 Shields
 + Level 1.9 Unarmed Combat
 + Level 5.3 Spellcasting
 + Level 1.5 Conjurations
 + Level 1.5 Hexes
 + Level 1.5 Summonings
 + Level 1.5 Necromancy
 + Level 5.6 Translocations
 + Level 1.5 Transmutations
 + Level 1.5 Fire Magic
 + Level 1.5 Ice Magic
 + Level 1.5 Air Magic
 + Level 1.5 Earth Magic
 + Level 1.5 Poison Magic
 + Level 2.1 Invocations
 + Level 1.9 Evocations


You had 4 spell levels left.
You knew the following spells:

 Your Spells              Type           Power      Damage    Failure   Level
a - Blink                 Tloc           32%        N/A       3%          2
b - Gell's Gravitas       Tloc           16%        N/A       7%          3
c - Teleport Other        Tloc           16%        N/A       7%          3
d - Lesser Beckoning      Tloc           16%        N/A       7%          3

Your spell library contained the following spells:

 Spells                   Type           Power      Damage    Failure   Level
 Manifold Assault         Tloc           16%        N/A       54%         5


Dungeon Overview and Level Annotations

Branches:
Dungeon (3/15)

Altars:
Lugonu


Innate Abilities, Weirdness & Mutations

You have very sharp teeth.
Your uncanny sense of smell can sniff out nearby items.
Your experience applies equally to all skills.


Message History

The gnoll collides with the gnoll!
The gnoll is heavily wounded.
The gnoll is moderately wounded.
The jackal collides with the gnoll!
The gnoll is moderately wounded.
The jackal is heavily wounded.
The jackal bites you but does no damage.
The gnoll hits you from afar with a +0 spear.
* * * LOW HITPOINT WARNING * * *
The gnoll hits you from afar with a +0 spear.
* * * LOW HITPOINT WARNING * * *
The gnoll hits you from afar with a +0 spear.
* * * LOW HITPOINT WARNING * * *
Casting: Gell's Gravitas (dangerous; 7% risk of failure)
Confirm with . or Enter, or press ? or * to list all spells.
You blink.
The gnoll closely misses you. The gnoll barely misses you.
The gnoll misses you.
The gnoll hits you from afar with a +0 spear.
* * * LOW HITPOINT WARNING * * *
The gnoll misses you. The jackal misses you.
The jackal attacks as you move away! The jackal bites you.
* * * LOW HITPOINT WARNING * * *
You feel stable enough to blink again.
Casting: Blink (safe; 3% risk of failure)
Confirm with . or Enter, or press ? or * to list all spells.
You blink.
The gnoll hits you from afar with a +0 spear.
* * * LOW HITPOINT WARNING * * *
You feel stable enough to blink again.
Blink to where?
Press: ? - help, Dir - move target, p - gnoll
Found 9 gold pieces.
As you read the scroll of blinking, it crumbles to dust.
The jackal closely misses you. The jackal attacks as you move away!
The jackal bites you.
* * * LOW HITPOINT WARNING * * *
The jackal closely misses you.
The gnoll hits you from afar with a +0 spear.
You die...

#..............$.### ##........
#..................# ##.....#.
#..........?.......# #######)
##.......##g........# ###)
.....######.........# ###.†.
#....#######.g...<..# ##...##
##............g.....# #..###
#....[#######.h....# ##.## ##
#...#.## #.h@...# ###..# ##.
##......## #.......###...####..
#.....#..# #...........>####..#
#.....##.########.....###.##...##
..##...#....######.....##........
.#####..###....####.....#.....###
...........###.##.........#######
#######.##.......................
#............##.##...##....


You could see 3 gnolls and 2 jackals.

Vanquished Creatures
  Sigmund (D:3)
  Jessica (D:3)
  2 adders
  A worm (D:2)
  A dart slug (D:1)
  7 endoplasms
  A giant cockroach (D:1)
  8 goblins
  6 hobgoblins
  2 quokkas
  6 ball pythons
  7 bats
  2 frilled lizards (D:1)
  4 kobolds
  2 rats
51 creatures vanquished.

Notes
Turn   | Place    | Note
-------+----------+-------------------------------------------
     0 | D:1      | lesbiats the Gnoll Warper began the quest for the Orb.
     0 | D:1      | Reached XP level 1. HP: 20/20 MP: 6/6
   344 | D:1      | Reached XP level 2. HP: 19/26 MP: 7/7
   433 | D:1      | Learned a level 2 spell: Blink
   714 | D:1      | Found a faded altar of an unknown god.
  1175 | D:1      | Prayed at the altar of an unknown god.
  1175 | D:1      | Became a worshipper of Lugonu the Unformed
  1175 | D:1      | Reached * piety under Lugonu
  1175 | D:1      | Reached ** piety under Lugonu
  1629 | D:2      | Reached skill level 5 in Spellcasting
  1629 | D:2      | Reached XP level 3. HP: 30/31 MP: 7/9
  1788 | D:2      | Learned a level 3 spell: Gell's Gravitas
  1792 | D:2      | Learned a level 3 spell: Teleport Other
  1796 | D:2      | Learned a level 3 spell: Lesser Beckoning
  1816 | D:2      | Reached skill level 1 in Invocations
  1978 | D:2      | Reached skill level 1 in Short Blades
  1978 | D:2      | Reached skill level 1 in Long Blades
  1978 | D:2      | Reached skill level 1 in Maces & Flails
  1978 | D:2      | Reached skill level 1 in Polearms
  1978 | D:2      | Reached skill level 1 in Staves
  1978 | D:2      | Reached skill level 1 in Ranged Weapons
  1978 | D:2      | Reached skill level 1 in Stealth
  1978 | D:2      | Reached skill level 1 in Shields
  1978 | D:2      | Reached skill level 1 in Unarmed Combat
  1978 | D:2      | Reached skill level 1 in Evocations
  2402 | D:3      | Reached XP level 4. HP: 38/38 MP: 7/11
  2478 | D:3      | Noticed Jessica
  2483 | D:3      | Killed Jessica
  2484 | D:3      | Reached skill level 1 in Conjurations
  2484 | D:3      | Reached skill level 1 in Hexes
  2484 | D:3      | Reached skill level 1 in Summonings
  2484 | D:3      | Reached skill level 1 in Necromancy
  2484 | D:3      | Reached skill level 1 in Transmutations
  2484 | D:3      | Reached skill level 1 in Fire Magic
  2484 | D:3      | Reached skill level 1 in Ice Magic
  2484 | D:3      | Reached skill level 1 in Air Magic
  2484 | D:3      | Reached skill level 1 in Earth Magic
  2484 | D:3      | Reached skill level 1 in Poison Magic
  2541 | D:3      | Noticed Sigmund
  2567 | D:3      | Killed Sigmund
  2568 | D:3      | Reached skill level 5 in Fighting
  2568 | D:3      | Reached skill level 5 in Axes
  2568 | D:3      | Reached skill level 5 in Dodging
  2568 | D:3      | Reached XP level 5. HP: 37/44 MP: 12/12
  2568 | D:3      | Reached XP level 6. HP: 42/51 MP: 14/14
  2821 | D:3      | HP: 2/51 [gnoll/+0 spear (4)]
  2836 | D:3      | HP: 1/51 [jackal (3)]
  2836 | D:3      | Slain by a gnoll

Illustrated notes

Levels and vault maps discovered:
D:1:      roderic_chinese_lattice_arrival, layout_basic,
          shapermc_ecumenical_altar_pompeii, dk_noncrumbling_2,
          minmay_tiny_reverse_x
D:2:      layout_rooms, minmay_misc_feat_square, kennysheep_cross_room
D:3:      layout_rooms, uniq_jessica, uniq_sigmund

Skill      XL: |  1  2  3  4 |
---------------+-------------+-----
Spellcasting   | 5 |  5.3
Invocations    | 1 2 |  2.1
Short Blades   | 1 |  1.9
Long Blades    | 1 |  1.9
Maces & Flails | 1 |  1.9
Polearms       | 1 |  1.9
Staves         | 1 |  1.9
Ranged Weapons | 1 |  1.9
Stealth        | 1 |  1.9
Shields        | 1 |  1.9
Unarmed Combat | 1 |  1.9
Evocations     | 1 |  1.9
Conjurations   | 1 |  1.5
Hexes          | 1 |  1.5
Summonings     | 1 |  1.5
Necromancy     | 1 |  1.5
Transmutations | 1 |  1.5
Fire Magic     | 1 |  1.5
Ice Magic      | 1 |  1.5
Air Magic      | 1 |  1.5
Earth Magic    | 1 |  1.5
Poison Magic   | 1 |  1.5
Fighting       | 5 |  5.0
Axes           | 5 |  5.0
Throwing       | 3 |  3.2
Armour         | 3 |  3.2
Dodging        | 5 |  5.0
Translocations | |  5.6

Action                   |  1- 3 |  4- 6 || total
-------------------------+-------+-------++-------
Melee: Hand axe          |   122 |    38 ||   160
       Bite              |    11 |       ||    11
       Punch             |     2 |       ||     2
 Fire: Sling             |     2 |       ||     2
 Cast: Gell's Gravitas   |     2 |     4 ||     6
       Blink             |       |     2 ||     2
  Use: Scroll            |       |     1 ||     1
Armor: Leather armour    |    56 |    18 ||    74
Dodge: Dodged            |   106 |    77 ||   183

Table legend: (Time is in decaauts)
 A = Elapsed time spent in this place.
 B = Non-inter-level travel time spent in this place.
 C = Inter-level travel time spent in this place.
 D = Time resting spent in this place.
 E = Time spent auto-exploring this place.
 F = Levels seen in this place.
 G = Mean time per level.
                   A        B        C        D        E       F      G
               +--------+--------+--------+--------+--------+-----+--------+
         Total |   2846 |   2547 |    299 |    567 |   1242 |   3 |  948.7 |
       Dungeon |   2846 |   2547 |    299 |    567 |   1242 |   3 |  948.7 |
               +--------+--------+--------+--------+--------+-----+--------+

Top non-repeatable levels by time:
     D:1: 1625 daAuts
     D:2: 704 daAuts
     D:3: 516 daAuts
